Map: Jagannatha LE

Players

Serral - Winner!

  • Race: Zerg Zerg
  • Spawn Location: 1:00

EnDerr

  • Race: Zerg Zerg
  • Spawn Location: 7:00

Event: DreamHack SC2 Masters 2020 Winter

VOD

Have the link to the VOD?

Description

Time

  • Played on: Nov. 12, 2020, 8:15 a.m.
  • Length: 9:33

All games in this series

Show
View Real Time Build Order
Export as new Build Order

Serral Zerg - Winner!

Build Orders: Hatch First 

Get SALT Encoding   

  12  0:00  Drone  
  13  0:12  Overlord  
  13  0:17  Drone  
  14  0:31  Drone x2  
  16  0:48  Hatchery  
  15  0:52  Drone  
  15  0:55  Drone  
  17  1:09  Spawning Pool  
  16  1:11  Extractor  
  16  1:14  Drone  
  16  1:17  Drone  
  17  1:22  Drone  
  18  1:28  Drone  
  19  1:39  Drone  
  20  1:50  Overlord  
  20  1:56  Queen  
  20  2:00  Queen  
  24  2:01  Zergling x4  
  26  2:12  Zergling x2  
  26  2:13  Metabolic Boost  
  26  2:15  Drone  
  28  2:22  Drone x2  
  29  2:32  Queen  
  31  2:39  Baneling Nest  
  30  2:45  Overlord  
  30  2:47  Zergling x2  
  30  2:49  Drone  
  30  2:50  Drone  
  33  2:56  Drone x2  
  35  3:04  Drone x2  
  37  3:06  Drone  
  37  3:07  Drone  
  39  3:13  Evolution Chamber  
  39  3:17  Evolution Chamber  
  39  3:19  Evolution Chamber  
  36  3:22  Zergling x2  
  36  3:24  Baneling x2  
  36  3:26  Zergling x2  
  38  3:29  Drone  
  38  3:31  Drone  
  40  3:36  Drone x2  
  44  3:48  Zerg Ground Armor Level 1  
  44  3:49  Overlord  
  44  3:56  Hatchery  
  44  3:58  Zergling x2  
  44  4:03  Overlord  
  44  4:09  Drone x2  
  47  4:10  Drone x4  
  49  4:18  Drone x2  
  49  4:19  Overlord  
  51  4:26  Extractor, Roach Warren  
  51  4:27  Baneling  
  51  4:28  Zergling x4  
  51  4:31  Baneling  
  51  4:36  Drone x2  
  51  4:38  Evolution Chamber  
  52  4:39  Drone x2  
  52  4:42  Extractor  
  52  4:43  Overlord  
  52  4:55  Queen  
  52  4:58  Overlord  
  54  5:01  Overlord  
  54  5:06  Roach  
  56  5:08  Roach x5  
  56  5:12  Roach  
  56  5:13  Roach  
  70  5:17  Roach  
  70  5:19  Roach  
  74  5:24  Roach x2  
  74  5:27  Roach  
  79  5:32  Roach x2  
  83  5:35  Overlord  
  83  5:43  Roach x2  
  83  5:44  Roach  
  89  5:52  Zergling x12  
  95  5:59  Zergling x4  
  95  6:00  Zerg Missile Weapons Level 1  
  97  6:04  Overlord  
  97  6:09  Zergling x8  
  99  6:18  Zergling x10  
  98  6:25  Zergling x8  
  102  6:35  Lair  
  102  6:40  Zergling x10  
  107  6:48  Zergling x10  
  112  6:58  Overlord x2  
  112  7:00  Roach x5  
  111  7:03  Overlord  
  110  7:09  Drone x4  
  110  7:13  Baneling x2  
  114  7:18  Ravager x5  
  114  7:20  Roach  
  116  7:28  Ravager x3  
  116  7:29  Ravager  
  120  7:30  Drone x2  
  120  7:31  Drone  
  120  7:33  Glial Reconstitution  
  120  7:34  Extractor  
  122  7:40  Drone x3  
  122  7:43  Roach  
  122  7:44  Roach x5  
  136  7:47  Overlord  
  136  7:48  Overlord  
  136  7:50  Overseer  
  136  7:54  Overlord  
  136  7:58  Overlord  
  136  8:03  Overlord x2  
  136  8:09  Roach x3  
  142  8:13  Roach x2  
  142  8:18  Roach x2  
  142  8:19  Roach  
  151  8:25  Roach x2  
  155  8:27  Ravager  
  155  8:30  Roach  
  155  8:31  Roach  
  160  8:37  Roach x3  
  166  8:43  Roach x2  
  170  8:53  Roach x2  
  174  8:58  Roach x2  
  178  9:05  Roach x3  
  178  9:08  Roach x2  
Show
View Real Time Build Order
Export as new Build Order

EnDerr Zerg 

Build Orders: Pool First 

Get SALT Encoding   

  12  0:00  Drone  
  13  0:13  Overlord  
  13  0:17  Drone  
  14  0:32  Drone x2  
  16  0:41  Spawning Pool  
  15  0:45  Extractor  
  15  0:47  Drone  
  15  0:51  Drone  
  16  0:58  Drone  
  17  1:18  Hatchery  
  16  1:28  Zergling x2  
  16  1:29  Zergling x2  
  16  1:30  Zergling x2  
  19  1:42  Queen  
  21  1:49  Metabolic Boost  
  21  1:56  Overlord  
  21  2:05  Drone  
  22  2:16  Drone x2  
  24  2:33  Drone  
  24  2:35  Zergling x2  
  26  2:37  Zergling x2  
  26  2:41  Hatchery  
  26  2:46  Zergling x4  
  28  2:56  Drone x2  
  30  2:59  Drone x3  
  33  3:07  Baneling Nest  
  33  3:11  Zergling x4  
  34  3:16  Drone  
  35  3:20  Overlord  
  34  3:31  Drone x2  
  36  3:37  Overlord  
  36  3:40  Queen  
  38  3:45  Zergling x2  
  38  3:46  Drone  
  39  3:50  Baneling  
  39  3:51  Baneling  
  39  3:56  Zergling x6  
  39  3:57  Drone x2  
  44  4:04  Queen  
  44  4:08  Drone x2  
  48  4:16  Drone x2  
  48  4:17  Drone x2  
  52  4:23  Zergling x2  
  53  4:29  Overlord  
  53  4:33  Drone x2  
  53  4:36  Extractor, Roach Warren  
  53  4:47  Overlord  
  50  5:07  Evolution Chamber  
  49  5:17  Roach  
  49  5:18  Roach x11  
  72  5:24  Roach x2  
  73  5:34  Overlord x2  
  73  5:44  Overlord  
  73  5:52  Baneling x7  
  73  5:53  Zergling x2  
  73  5:54  Zergling x16  
  82  6:05  Zergling x12  
  83  6:19  Zerg Missile Weapons Level 1  
  83  6:22  Drone x4  
  83  6:23  Roach x2  
  91  6:27  Roach x2  
  91  6:30  Overlord  
  94  6:34  Roach  
  94  6:38  Roach  
  98  6:43  Overlord  
  97  6:51  Roach  
  97  6:53  Roach x2  
  106  7:01  Roach x2  
  106  7:03  Zergling x12  
  106  7:06  Baneling  
  112  7:09  Roach  
  112  7:15  Overlord  
  114  7:16  Overlord x2  
  114  7:28  Extractor  
  114  7:29  Drone x3  
  113  7:31  Lair  
  113  7:35  Drone  
  113  7:36  Drone x5  
  119  7:41  Drone x2  
  119  7:43  Drone  
  122  7:47  Overlord  
  122  7:55  Extractor  
  121  8:02  Drone x2  
  121  8:03  Overlord x2  
  121  8:04  Drone  
  124  8:11  Overlord x2  
  124  8:18  Drone  
  124  8:19  Drone x5, Overlord x2  
  130  8:26  Ravager  
  132  8:27  Ravager x3  
  132  8:33  Overlord  
  133  8:37  Extractor  
  133  8:38  Drone x5, Extractor  
  133  8:40  Roach  
  133  8:41  Roach  
  140  8:45  Roach x2  
  140  8:47  Roach  
  146  8:49  Roach  
  146  8:51  Roach  
  146  8:54  Roach  
  152  8:57  Ravager  
  152  8:58  Ravager  
  149  9:08  Roach x3  
  136  9:10  Roach x4  
  136  9:13  Roach  
Tags
 
Add a new tag
Caveats
  • Supply blocks, unpowered buildings, or Contaminate may cause inaccurate times.
  • Supply counts are checked every 10 seconds.